 Dungeon Crawl Stone Soup version 0.31-a0-188-g5e087ee2ca (webtiles) character file.

Game seed: 10395643519238536715

84 qw the Shooter (level 4, -3/25 HPs)
             Began as a Deep Elf Hunter on June 23, 2023.
             Slain by Grinder (6 damage)
             ... on level 3 of the Dungeon.
             The game lasted 00:00:42 (1727 turns).

qw the Shooter (Deep Elf Hunter)                    Turns: 1727, Time: 00:00:43

Health: -3/25      AC:  5    Str: 10    XL:     4   Next: 24%
Magic:  6/6        EV: 11    Int: 14    God:
Gold:   71         SH:  0    Dex: 18    Spells: 3/3 levels left

rFire   . . .        Y - +0 shortbow
rCold   . . .        (shield currently unavailable)
rNeg    . . .        g - +0 ring mail
rPois   .            (no helmet)
rElec   .            (no cloak)
rCorr   .            (no gloves)
SInv    .            (no boots)
Will    .....        (no amulet)
Stlth   +            (no ring)
HPRegen 0.24/turn    (no ring)
MPRegen 0.10/turn

%: no passive effects
@: no status effects
A: no striking features
a: no special abilities


You were on level 3 of the Dungeon.
You visited 1 branch of the dungeon, and saw 3 of its levels.

You collected 71 gold pieces.


   Skills:
 - Level 1.5 Fighting
 + Level 7.7 Ranged Weapons
 - Level 2.4 Dodging
 - Level 1.2 Stealth


You had 3 spell levels left.
You didn't know any spells.
Your spell library was empty.

Inventory:

Hand Weapons
 Y - a +0 shortbow (weapon)
Armour
 g - a +0 ring mail (worn)
Scrolls
 e - a scroll of identify
 h - a scroll of enchant armour {unknown}
Potions
 a - a potion of berserk rage {unknown}
 b - a potion of cancellation
 c - a potion of curing
 d - a potion of heal wounds
 f - a potion of degeneration {unknown}

Dungeon Overview and Level Annotations

Branches:
Dungeon (3/15)

Altars:

Annotations:
D:3 Grinder


Message History

The adder closely misses you. The adder barely misses you.
You shoot an arrow. The arrow misses the adder.
The adder bites you.
You are poisoned.
The adder poisons you!
You shoot an arrow.
The arrow hits the adder but does no damage.
You feel sick. The adder bites you but does no damage.
The adder barely misses you.
You shoot an arrow.
The arrow hits the adder but does no damage.
You feel sick. The adder barely misses you.
You shoot an arrow.
The arrow hits the adder but does no damage.
You feel sick. The adder bites you but does no damage. The adder bites you.
You shoot an arrow. The arrow hits the adder!
You kill the adder!
You feel sick.
You shoot an arrow. The arrow hits Grinder.
Grinder is lightly wounded.
You feel sick.
You are no longer poisoned.
A rat comes into view.
Grinder hits you but does no damage.
You shoot an arrow. The arrow hits Grinder!
Grinder is moderately wounded.
Grinder hits you but does no damage.
You shoot an arrow. The arrow hits Grinder.
Grinder is moderately wounded.
Grinder hits you.
You shoot an arrow. The arrow barely misses Grinder.
Grinder misses you.
You shoot an arrow. The arrow hits Grinder.
Grinder is heavily wounded.
Grinder barely misses you.
You shoot an arrow.
The arrow hits Grinder but does no damage.
Grinder is heavily wounded.
Grinder hits you!
You writhe in agony.
You die...

.........#.#
.....#####.#
.....# #(#
###### #.###
#..)####
###....##
#.....##..#
#.#######.#
#@#
......5.#
....r.#..
..~~..###.
.~..~ .#
.~).~ # ..~.
}.~.


You could see Grinder and a rat.

Vanquished Creatures
  2 adders
  A worm (D:2)
  A dart slug (D:1)
  2 orcs (D:3)
  6 endoplasms
  2 giant cockroaches (D:1)
  5 goblins
  3 hobgoblins
  7 jackals
  4 kobolds
  5 quokkas
  5 ball pythons
  3 bats
  3 frilled lizards
  2 rats
51 creatures vanquished.

Notes
Turn   | Place    | Note
-------+----------+-------------------------------------------
     0 | D:1      | qw the Deep Elf Hunter began the quest for the Orb.
     0 | D:1      | Reached XP level 1. HP: 12/12 MP: 3/3
     0 | D:1      | 0 ||| qw: Version: 0.3-a-9-g12657ce
     0 | D:1      | 0 ||| qw: Game counter: 3540
     0 | D:1      | 0 ||| qw: Always use a shield: true
     0 | D:1      | 0 ||| qw: God list: Okawaru
     0 | D:1      | 0 ||| qw: Allow faded altars: false
     0 | D:1      | 0 ||| qw: Do Orc after D:15 true
     0 | D:1      | 0 ||| qw: Do second Lair branch before Depths: true
     0 | D:1      | 0 ||| qw: Lair rune preference: random
     0 | D:1      | 0 ||| qw: Plans: Normal
     0 | D:1      | 0 ||| PLANNING D:1-11
    82 | D:1      | 82 ||| FLEEEEING.
    83 | D:1      | 83 ||| FLEEEEING.
    84 | D:1      | 84 ||| FLEEEEING.
    85 | D:1      | 85 ||| FLEEEEING.
    86 | D:1      | 86 ||| FLEEEEING.
    87 | D:1      | 87 ||| FLEEEEING.
    88 | D:1      | 88 ||| FLEEEEING.
    89 | D:1      | 89 ||| FLEEEEING.
    90 | D:1      | 90 ||| FLEEEEING.
    91 | D:1      | 91 ||| FLEEEEING.
    92 | D:1      | 92 ||| FLEEEEING.
    93 | D:1      | 93 ||| FLEEEEING.
    94 | D:1      | 94 ||| FLEEEEING.
    95 | D:1      | 95 ||| FLEEEEING.
    96 | D:1      | 96 ||| FLEEEEING.
   101 | D:1      | Reached XP level 2. HP: 11/16 MP: 4/4
   160 | D:1      | Reached skill level 6 in Ranged Weapons
   250 | D:1      | HP: 4/16 [endoplasm (3)]
   552 | D:1      | Reached XP level 3. HP: 20/20 MP: 5/5
   743 | D:1      | 743 ||| UPGRADING to +0 ring mail.
   753 | D:1      | 753 ||| DROPPING +0 leather armour.
   754 | D:1      | 754 ||| READING scroll labelled ORPHOI ETAYHEL.
   755 | D:1      | 755 ||| READING 3 scrolls labelled POEFER BIQAQUN.
   756 | D:1      | 756 ||| READING scroll labelled OQERHYAKK IFEOCK.
   757 | D:1      | 757 ||| READING 2 scrolls of identify.
   757 | D:1      | 757 ||| IDENTIFYING lumpy clear potion
   758 | D:1      | 758 ||| DROPPING scroll of butterflies.
   759 | D:1      | 759 ||| DROPPING potion of attraction.
  1155 | D:2      | Reached skill level 7 in Ranged Weapons
  1324 | D:2      | Identified the +1 chain mail of Noon {rN+ MP+9}
  1546 | D:2      | 1546 ||| DRINKING 2 grey potions.
  1547 | D:2      | 1547 ||| DRINKING 2 orange potions.
  1548 | D:2      | 1548 ||| DRINKING 2 ruby potions.
  1592 | D:3      | Found a faded altar of an unknown god.
  1651 | D:3      | Reached XP level 4. HP: 24/25 MP: 6/6
  1709 | D:3      | Noticed Grinder
  1727 | D:3      | HP: 3/25 [Grinder (8)]
  1727 | D:3      | Slain by Grinder

Levels and vault maps discovered:
D:1:      minmay_arrival_four_circles, layout_loops_ring
D:2:      layout_basic, minivault_27, grunt_ministairs_13,
          corexii_leaking_fountain
D:3:      cheibrodos_helix_gallery, layout_basic, bloody_makhleb,
          shapermc_ecumenical_altar_gd, uniq_grinder

Skill      XL: |  1  2  3 |
---------------+----------+-----
Ranged Weapons | 6 7 |  7.7
Fighting       | |  1.5
Dodging        | |  2.4
Stealth        | |  1.2

Action                     |  1- 3 |  4- 6 || total
---------------------------+-------+-------++-------
   Fire: Shortbow          |   115 |    23 ||   138
    Use: Scroll            |     4 |       ||     4
         Potion            |     3 |       ||     3
 Armour: Leather armour    |     4 |       ||     4
         Ring mail         |     6 |     5 ||    11
  Dodge: Dodged            |    27 |     6 ||    33

Table legend:
 A = Non-vault XP
 B = Vault XP
 C = Vault XP percentage of total XP
 D = Non-vault monster count
 E = Vault monster count
 F = Vault count percentage of total count
                 A         B        C        D         E       F
            +---------+---------+-------+---------+---------+-------
      Total |      90 |      31 |  25.6 |      47 |       4 |   7.8
            +---------+---------+-------+---------+---------+-------
        D:1 |      42 |       0 |   0.0 |      22 |       0 |   0.0
        D:2 |      35 |      15 |  30.0 |      19 |       2 |   9.5
        D:3 |      13 |      16 |  55.2 |       6 |       2 |  25.0
            +---------+---------+-------+---------+---------+-------
